[Event "Croatian junior league 2021"]
[Site "Rabac"]
[Date "2021.04.08"]
[Round "5.18"]
[White "Jakovic, Roko"]
[Black "Mijic, Karlo"]
[Result "0-1"]
[ECO "E20"]
[WhiteElo "1846"]
[BlackElo "1599"]
[Annotator "NA"]
[PlyCount "206"]
[EventDate "2021.04.06"]
[EventType "swiss"]
[EventCountry "CRO"]
[SourceTitle "playchess.com"]
[Source "ChessBase"]
[SourceQuality "1"]
[TimeControl "5400+30"]

1. d4 Nf6 2. c4 e6 3. Nc3 Bb4 4. g3 O-O 5. Bg2 Bxc3+ 6. bxc3 d6 7. Nf3 Nc6 8. O-O Rb8 9. Rb1 Na5 10. Qd3 b6 11. Bg5 Ba6 12. Nd2 h6 13. Bxf6 Qxf6 $17 14. e4 Qe7 15. Rfe1 e5 16. Bf1 Qe6 17. f4 Rbd8 18. f5 Qf6 19. d5 g6 20. Qf3 Kg7 21. Bd3 Qg5 22. Rb2 h5 23. h4 Qh6 24. Kh2 g5 25. f6+ Qxf6 26. Qxf6+ Kxf6 27. Rf1+ Kg6 28. hxg5 Kxg5 29. Rf5+ Kg6 30. Be2 Rh8 31. Rb1 Bc8 32. Rf2 Rdf8 33. Rbf1 f6 34. Nf3 Nb7 35. Nh4+ Kg5 36. Nf3+ Kg6 37. Nh4+ Kg7 38. Bd1 Nc5 39. Bc2 Bg4 40. a3 Rh6 41. Kg2 Kf7 42. Kh2 Bd7 43. Nf5 Bxf5 44. Rxf5 Rg8 45. Kh3 Rg4 46. Rxh5 Rxg3+ 47. Kxg3 Rxh5 48. Rf2 Rh1 49. Rh2 Rc1 50. Kf3 Ra1 51. Rh7+ Ke8 52. Rxc7 Rxa3 53. Ke2 Rxc3 54. Kd2 Rxc4 55. Rxa7 Nxe4+ 56. Kd3 Rd4+ 57. Ke3 Nc5 58. Bg6+ Kd8 59. Bf7 f5 60. Ra8+ Ke7 61. Bg8 Rg4 62. Bh7 f4+ 63. Ke2 e4 64. Rb8 Rg2+ 65. Kf1 Rb2 66. Rg8 Kf6 67. Re8 f3 68. Bxe4 Re2 69. Rf8+ Kg7 70. Bxf3 Kxf8 71. Kxe2 Ke7 72. Ke3 Kf6 73. Kd4 Na6 74. Bg4 Kg5 75. Bd7 Kf4 76. Bb5 Nc7 77. Bc6 Kf3 78. Bd7 Ke2 79. Bc6 Kd2 80. Bd7 b5 81. Bf5 Kc1 82. Be4 Kb2 83. Kd3 b4 84. Kc4 b3 85. Kb4 Ka2 86. Ka5 b2 87. Kb6 Ne8 88. Kc6 Kb3 89. Bb1 Kc4 90. Ba2+ Kd4 91. Bb1 Ke5 92. Kb5 Nf6 93. Kb4 Ne4 94. Ka3 Nd2 95. Kxb2 Nxb1 96. Kxb1 Kxd5 97. Kc1 Ke4 98. Kd2 Kd4 99. Ke2 Kc3 100. Kd1 Kd3 101. Ke1 d5 102. Kd1 d4 103. Kc1 Ke2 0-1

[Event "Croatian junior league 2021"]
[Site "Rabac"]
[Date "2021.04.08"]
[Round "5.19"]
[White "Bedic, Noemi"]
[Black "Veverec, Ivo"]
[Result "1/2-1/2"]
[ECO "B06"]
[WhiteElo "1587"]
[BlackElo "1786"]
[Annotator "NA"]
[PlyCount "120"]
[EventDate "2021.04.06"]
[EventType "swiss"]
[EventCountry "CRO"]
[SourceTitle "playchess.com"]
[Source "ChessBase"]
[SourceQuality "1"]
[TimeControl "5400+30"]

1. e4 g6 2. d4 Bg7 3. Nc3 d6 4. Be3 a6 5. Qd2 b5 6. Nge2 Bb7 7. f3 Nd7 8. g4 c5 9. h4 h6 10. Ng3 Ngf6 11. Nd1 Qc7 12. Nf2 h5 13. Be2 hxg4 14. fxg4 cxd4 15. Bxd4 e5 16. Be3 d5 17. exd5 Nxd5 18. Bf3 Nxe3 19. Qxe3 O-O-O 20. Bxb7+ Qxb7 21. O-O-O Kb8 22. Kb1 Nb6 23. Nge4 Nc4 24. Qg5 Rc8 25. Nd6 Nxd6 26. Rxd6 Qc7 27. Qd2 Rhd8 28. Rxd8 Rxd8 29. Qg5 Rc8 30. c3 b4 31. Rc1 bxc3 32. Rxc3 Qd7 33. Rb3+ Ka8 34. h5 Qe6 35. h6 Bf6 36. Qe3 Rc6 37. g5 Bh8 38. Qe4 Qc4 39. Qxc4 Rxc4 40. Rd3 Rd4 41. Kc2 f6 42. Rxd4 exd4 43. gxf6 Bxf6 44. Ne4 Be5 45. h7 Ka7 46. Ng5 Kb6 47. Nf7 Bg7 48. h8=Q Bxh8 49. Nxh8 g5 50. Ng6 Kc5 51. Ne5 Kd5 52. Ng4 Ke4 53. a4 Kf4 54. Nh6 Ke4 55. Ng8 Ke5 56. Nh6 Ke4 57. Ng4 Kf4 58. Nf2 Ke3 59. Ng4+ Kf4 60. Nh6 Ke4 1/2-1/2

[Event "Croatian junior league 2021"]
[Site "Rabac"]
[Date "2021.04.08"]
[Round "5.20"]
[White "Novosel, Marko"]
[Black "Levacic, Matej"]
[Result "*"]
[ECO "A81"]
[WhiteElo "2130"]
[BlackElo "2144"]
[Annotator "RC"]
[PlyCount "42"]
[EventDate "2021.04.06"]
[EventType "swiss"]
[EventCountry "CRO"]
[SourceTitle "playchess.com"]
[Source "ChessBase"]
[SourceQuality "1"]
[TimeControl "5400+30"]

1. d4 f5 2. g3 Nf6 3. Bg2 g6 4. Nh3 Bg7 5. O-O O-O 6. b3 d6 7. Bb2 c6 8. Nd2 Qc7 9. c4 e5 10. e3 e4 11. Qc2 Be6 12. b4 h6 13. Nf4 Bf7 14. Rfc1 g5 15. Ne2 Qd7 16. a4 Na6 17. Bc3 Rac8 18. Qb2 Bh5 19. Re1 Nc7 20. b5 Ne6 21. Rab1 c5 *

[Event "Croatian junior league 2021"]
[Site "Rabac"]
[Date "2021.04.08"]
[Round "5.20"]
[White "Begic, Domagoj"]
[Black "Colev, Ivor"]
[Result "1-0"]
[ECO "A81"]
[WhiteElo "1706"]
[BlackElo "1847"]
[Annotator "NA"]
[PlyCount "115"]
[EventDate "2021.04.06"]
[EventType "swiss"]
[EventCountry "CRO"]
[SourceTitle "playchess.com"]
[Source "ChessBase"]
[SourceQuality "1"]
[TimeControl "5400+30"]

1. d4 f5 2. g3 Nf6 3. Bg2 g6 4. Nh3 Bg7 5. O-O O-O $11 6. b3 d6 7. Bb2 c6 8. Nd2 Qc7 9. c4 e5 10. e3 e4 11. Qc2 Be6 12. b4 h6 13. Nf4 Bf7 14. Rfc1 g5 15. Ne2 Qd7 16. a4 Na6 17. Bc3 Rac8 18. Qb2 Bh5 19. Re1 Nc7 20. b5 Ne6 21. Rab1 c5 22. Nc1 cxd4 23. Bxd4 Nxd4 24. Qxd4 Ng4 25. Qxa7 Bc3 26. Ncb3 Ne5 27. Rec1 Ra8 28. Qb6 Bb4 29. Bf1 Rxa4 30. c5 dxc5 31. Qxh6 Bg6 32. Nc4 Nf3+ 33. Kg2 Qe6 34. Nb2 Raa8 35. Bc4 Rf6 36. Bxe6+ Rxe6 37. Nxc5 Bxc5 38. Rxc5 Bf7 39. Qxe6 Bxe6 40. Nc4 Bxc4 41. Rxc4 Nd2 42. Rbc1 Nxc4 43. Rxc4 Rb8 44. Rc5 Rf8 45. h3 Rf7 46. g4 Kg7 47. Rd5 Kg6 48. Rxf5 Rxf5 49. gxf5+ Kxf5 50. Kg3 b6 51. h4 g4 52. h5 Kg5 53. h6 Kxh6 54. Kxg4 Kg6 55. Kf4 Kf6 56. Kxe4 Ke6 57. f4 Kd6 58. Kd4 1-0

[Event "Croatian junior league 2021"]
[Site "Rabac"]
[Date "2021.04.08"]
[Round "5.22"]
[White "Jakovic, Roko"]
[Black "Mijic, Karlo"]
[Result "*"]
[ECO "A46"]
[WhiteElo "1846"]
[BlackElo "1599"]
[Annotator "NA"]
[PlyCount "37"]
[EventDate "2021.04.06"]
[EventType "swiss"]
[EventCountry "CRO"]
[SourceTitle "playchess.com"]
[Source "ChessBase"]
[SourceQuality "1"]
[TimeControl "5400+30"]

1. d4 Nf6 2. Nf3 e6 3. Bf4 c5 4. c3 Qb6 5. Qc2 Nc6 6. e3 d5 7. Bd3 h6 8. h4 Bd7 9. Nbd2 Rc8 10. Qd1 Qxb2 11. Qc1 Qxc1+ 12. Rxc1 cxd4 13. cxd4 Bb4 $17 14. Ke2 Ke7 15. Rb1 b6 16. Ne5 Bxd2 17. Nxc6+ Bxc6 18. Kxd2 Bb7 19. f3 *

[Event "Croatian junior league 2021"]
[Site "Rabac"]
[Date "2021.04.08"]
[Round "5.23"]
[White "Bedic, Noemi"]
[Black "Veverec, Ivo"]
[Result "*"]
[ECO "C01"]
[WhiteElo "1587"]
[BlackElo "1786"]
[Annotator "NA"]
[PlyCount "72"]
[EventDate "2021.04.06"]
[EventType "swiss"]
[EventCountry "CRO"]
[SourceTitle "playchess.com"]
[Source "ChessBase"]
[SourceQuality "1"]
[TimeControl "5400+30"]

1. e4 e6 2. d4 b6 3. g3 Bb7 4. Bg2 Bb4+ 5. Bd2 Bxd2+ 6. Qxd2 d6 7. Ne2 Ne7 8. O-O O-O 9. Nbc3 Nd7 10. f4 c5 11. Rad1 Nf6 12. e5 Nfd5 13. Nxd5 Bxd5 14. Bxd5 Nxd5 15. c4 Nc7 16. dxc5 dxc5 17. Nc3 Qxd2 18. Rxd2 Rfd8 19. Rd6 Ne8 20. Rdd1 Kf8 21. Ne4 Ke7 22. Kf2 f6 23. Ke3 Rd7 24. exf6+ gxf6 25. Rxd7+ Kxd7 26. Rd1+ Ke7 27. g4 Rd8 28. Rxd8 Kxd8 29. g5 Ke7 30. h4 f5 31. Nc3 Nd6 32. Kd3 Kd7 33. h5 Ke7 34. h6 Kf7 35. Nb5 Nxb5 36. cxb5 Kg6 *

[Event "Croatian junior league 2021"]
[Site "Rabac"]
[Date "2021.04.08"]
[Round "6.1"]
[White "Levacic, Matej"]
[Black "Alfirevic, Duje"]
[Result "1-0"]
[ECO "D85"]
[WhiteElo "2144"]
[BlackElo "1996"]
[Annotator "NA"]
[PlyCount "67"]
[EventDate "2021.04.06"]
[EventType "swiss"]
[EventCountry "CRO"]
[SourceTitle "playchess.com"]
[Source "ChessBase"]
[SourceQuality "1"]
[TimeControl "5400+30"]

1. d4 Nf6 2. c4 g6 3. Nc3 d5 4. cxd5 Nxd5 5. e4 Nxc3 6. bxc3 Bg7 7. Be3 O-O 8. Nf3 c5 9. Rb1 Nc6 10. Qd2 cxd4 11. cxd4 Qa5 12. Bb5 Qxd2+ 13. Kxd2 Rd8 14. Bxc6 bxc6 15. Rhc1 e5 16. Rxc6 exd4 17. Bf4 Re8 18. Kd3 Bd7 19. Rcc1 Rad8 20. Bc7 Rc8 21. Nxd4 Bxd4 22. Kxd4 Rxe4+ 23. Kxe4 Bf5+ 24. Kd5 Bxb1 25. Rxb1 Rxc7 26. Rb2 Kg7 27. a4 Rd7+ 28. Kc6 Rd4 29. Kb5 Rd6 30. a5 Kf6 31. Rc2 a6+ 32. Kc5 Rd8 33. Kb6 Rb8+ 34. Kxa6 1-0

[Event "Croatian junior league 2021"]
[Site "Rabac"]
[Date "2021.04.08"]
[Round "6.2"]
[White "Vucenovic, Damian"]
[Black "Ljubicic, Mario"]
[Result "0-1"]
[ECO "C54"]
[WhiteElo "1980"]
[BlackElo "1961"]
[Annotator "NA"]
[PlyCount "88"]
[EventDate "2021.04.06"]
[EventType "swiss"]
[EventCountry "CRO"]
[SourceTitle "playchess.com"]
[Source "ChessBase"]
[SourceQuality "1"]
[TimeControl "5400+30"]

1. e4 e5 2. Nf3 Nc6 3. Bc4 Nf6 4. d3 Bc5 5. c3 d6 6. Nbd2 a6 7. O-O Ba7 8. Bb3 O-O 9. Re1 Ng4 10. Re2 Kh8 11. Nf1 f5 12. exf5 Bxf5 13. Ne3 Nxe3 14. Bxe3 e4 15. dxe4 Bg4 16. Nd4 Bxe2 17. Qxe2 Nxd4 18. cxd4 Qh4 19. Qd3 Rfe8 20. Bc2 c5 21. d5 b5 22. Qd2 c4 23. Bxa7 Rxa7 24. f4 Qf6 25. Rb1 Rf7 26. g3 h6 27. b3 cxb3 28. axb3 Rc7 29. Re1 Qb2 30. Re2 Rec8 31. Bd1 Qb1 32. Re1 Rc1 33. Kf1 R8c3 34. Ke2 Qxe4+ 35. Kf2 Qg6 36. Kg1 Qb1 37. Kf2 Rd3 38. Re8+ Kh7 39. Qe2 Rdxd1 40. Qe6 Rd2+ 41. Kf3 Rf1+ 42. Kg4 Qd1+ 43. Kf5 Qh5+ 44. Ke4 Re1# 0-1

[Event "Croatian junior league 2021"]
[Site "Rabac"]
[Date "2021.04.08"]
[Round "6.3"]
[White "Mijic, Karlo"]
[Black "Dumancic, Simun"]
[Result "1/2-1/2"]
[ECO "B30"]
[WhiteElo "1599"]
[BlackElo "1883"]
[Annotator "NA"]
[PlyCount "84"]
[EventDate "2021.04.06"]
[EventType "swiss"]
[EventCountry "CRO"]
[SourceTitle "playchess.com"]
[Source "ChessBase"]
[SourceQuality "1"]
[TimeControl "5400+30"]

1. e4 c5 2. Nf3 Nc6 3. Bb5 e5 4. O-O Bd6 5. c3 a6 6. Ba4 Nf6 7. d4 b5 8. dxe5 Bxe5 9. Nxe5 Nxe5 10. Qd6 Qe7 11. Qxe7+ Kxe7 12. Bc2 Bb7 13. Re1 Rhe8 14. Nd2 Kf8 15. Nb3 Rac8 16. Bg5 Nc4 17. f3 Nxb2 18. Na5 Ba8 19. Rab1 Nc4 20. Nxc4 bxc4 21. Red1 Bc6 22. Rb6 Rb8 23. Rdb1 Rxb6 24. Rxb6 a5 25. Be3 Rc8 26. Bxc5+ Ke8 27. Bd6 Kd8 28. Kf2 Ne8 29. Bg3 Nc7 30. a4 Ke7 31. Bxc7 Rxc7 32. Ke3 d6 33. Ra6 Kd7 34. Rxa5 Rb7 35. h4 Kc7 36. g4 Rb2 37. Bd1 Ra2 38. Ra7+ Bb7 39. Ra5 Bc6 40. e5 d5 41. Ra7+ Bb7 42. Ra5 Bc6 1/2-1/2

[Event "Croatian junior league 2021"]
[Site "Rabac"]
[Date "2021.04.08"]
[Round "6.4"]
[White "Martic, Filip"]
[Black "Bedic, Noemi"]
[Result "1-0"]
[ECO "D00"]
[WhiteElo "1756"]
[BlackElo "1587"]
[Annotator "NA"]
[PlyCount "65"]
[EventDate "2021.04.06"]
[EventType "swiss"]
[EventCountry "CRO"]
[SourceTitle "playchess.com"]
[Source "ChessBase"]
[SourceQuality "1"]
[TimeControl "5400+30"]

1. d4 Nf6 2. Nf3 g6 3. Nc3 d5 4. Bf4 Bg7 5. e3 O-O 6. Qd2 c6 7. Be2 e6 8. Ne5 Nbd7 9. h4 c5 10. h5 Ne4 11. Nxe4 dxe4 12. hxg6 hxg6 13. Ng4 Qb6 14. O-O-O Rd8 15. Nh6+ Kf8 16. c3 Nf6 17. Be5 Nd5 18. dxc5 Qxc5 19. Bd4 Qc7 20. Bxg7+ Kxg7 21. Qd4+ Kf8 22. Qh8+ Ke7 23. Qg7 Rf8 24. Rxd5 exd5 25. Ng8+ Rxg8 26. Qxg8 Qd8 27. Qg7 Qa5 28. Rh8 Qxa2 29. Qe5+ Be6 30. Rxa8 Qa1+ 31. Kc2 Qa4+ 32. Kb1 d4 33. Qc5+ 1-0

[Event "Croatian junior league 2021"]
[Site "Rabac"]
[Date "2021.04.08"]
[Round "6.5"]
[White "Colev, Ivor"]
[Black "Novosel, Marko"]
[Result "1/2-1/2"]
[ECO "B12"]
[WhiteElo "1847"]
[BlackElo "2130"]
[Annotator "NA"]
[PlyCount "63"]
[EventDate "2021.04.06"]
[EventType "swiss"]
[EventCountry "CRO"]
[SourceTitle "playchess.com"]
[Source "ChessBase"]
[SourceQuality "1"]
[TimeControl "5400+30"]

1. e4 c6 2. d4 d5 3. e5 Bf5 4. Nf3 e6 5. Be2 h6 6. O-O g5 7. c4 g4 8. Ne1 h5 9. f4 dxc4 10. Bxc4 Nd7 11. Bd3 Ne7 12. Nc2 Nb6 13. Nc3 Nbd5 14. Nxd5 Qxd5 15. Be3 O-O-O 16. Nb4 Qa5 17. a3 Bxd3 18. Qxd3 Nf5 19. Rfd1 h4 20. Qe4 h3 21. g3 Nxe3 22. Qxe3 Bxb4 23. axb4 Qxb4 24. Rxa7 Qxb2 25. Qe4 Qc3 26. Rb1 Rxd4 27. Raxb7 Rd1+ 28. Rxd1 Kxb7 29. Qb1+ Kc7 30. Rd7+ Kxd7 31. Qb7+ Ke8 32. Qb8+ 1/2-1/2

[Event "Croatian junior league 2021"]
[Site "Rabac"]
[Date "2021.04.08"]
[Round "6.6"]
[White "Klapac, Patrik"]
[Black "Perko, Bartol"]
[Result "1/2-1/2"]
[ECO "B01"]
[WhiteElo "1780"]
[BlackElo "1766"]
[Annotator "NA"]
[PlyCount "93"]
[EventDate "2021.04.06"]
[EventType "swiss"]
[EventCountry "CRO"]
[SourceTitle "playchess.com"]
[Source "ChessBase"]
[SourceQuality "1"]
[TimeControl "5400+30"]

1. e4 d5 2. exd5 Qxd5 3. Nf3 Bg4 4. Be2 Nc6 5. O-O Nf6 6. d4 e6 7. c4 Qd8 8. Be3 Be7 9. Nc3 O-O 10. h3 Bf5 11. Nh4 Bg6 12. Nxg6 hxg6 13. Bf3 Nh7 14. d5 exd5 15. Nxd5 Ne5 16. b3 c6 17. Nxe7+ Qxe7 18. Re1 Rad8 19. Qe2 Rfe8 20. Rad1 Rxd1 21. Rxd1 Nxf3+ 22. Qxf3 a6 23. c5 Rd8 24. b4 Qc7 25. Re1 Re8 26. Rd1 Rd8 27. Rxd8+ Qxd8 28. Bf4 Qd4 29. a3 Nf6 30. g3 a5 31. Qe3 Qxe3 32. Bxe3 axb4 33. axb4 Nd5 34. Bd2 Kf8 35. f4 Ke7 36. Kf2 Ke6 37. Ke2 f6 38. Kd3 Nc7 39. Ke4 Nd5 40. Be1 Ne7 41. Bd2 Nf5 42. Be1 Ne7 43. Bd2 Nc8 44. Be1 Na7 45. Bc3 Nb5 46. Bb2 Nc7 47. Bc3 1/2-1/2

[Event "Croatian junior league 2021"]
[Site "Rabac"]
[Date "2021.04.08"]
[Round "6.7"]
[White "Poljan, Max"]
[Black "Jakovic, Roko"]
[Result "1/2-1/2"]
[ECO "D13"]
[WhiteElo "1573"]
[BlackElo "1846"]
[Annotator "NA"]
[PlyCount "80"]
[EventDate "2021.04.06"]
[EventType "swiss"]
[EventCountry "CRO"]
[SourceTitle "playchess.com"]
[Source "ChessBase"]
[SourceQuality "1"]
[TimeControl "5400+30"]

1. c4 c6 2. g3 Nf6 3. Bg2 d5 4. cxd5 cxd5 5. d4 Nc6 6. Nc3 e6 7. Nf3 a6 8. O-O Be7 9. Bf4 O-O 10. Ne5 Nxe5 11. Bxe5 b5 12. Bxf6 Bxf6 13. f4 Qb6 14. e3 Bb7 15. Qd2 Rad8 16. b4 Be7 17. a3 a5 18. Rfb1 axb4 19. axb4 Rc8 20. Bf1 Bc6 21. Qb2 Ra8 22. Bd3 g6 23. Qe2 Rxa1 24. Rxa1 Bxb4 25. Nxb5 Rb8 26. Rb1 Qa5 27. Nc3 Bd6 28. Rxb8+ Bxb8 29. Nb5 Bxb5 30. Bxb5 Qc3 31. Kf2 Bd6 32. Ba4 Bb4 33. Bd1 Ba3 34. Qc2 Qb4 35. Be2 Bb2 36. Qd1 Bc3 37. Qd3 Be1+ 38. Kf3 Bc3 39. Kf2 Bd2 40. Qc3 Bxc3 1/2-1/2

[Event "Croatian junior league 2021"]
[Site "Rabac"]
[Date "2021.04.08"]
[Round "6.8"]
[White "Veverec, Ivo"]
[Black "Hergotic, Mihael"]
[Result "1-0"]
[ECO "C50"]
[WhiteElo "1786"]
[BlackElo "1476"]
[Annotator "NA"]
[PlyCount "92"]
[EventDate "2021.04.06"]
[EventType "swiss"]
[EventCountry "CRO"]
[SourceTitle "playchess.com"]
[Source "ChessBase"]
[SourceQuality "1"]
[TimeControl "5400+30"]

1. e4 e5 2. Nf3 Nc6 3. Bc4 Bc5 4. O-O Nf6 5. d3 h6 6. h3 O-O 7. Be3 Bb6 8. Nc3 d6 9. Qd2 Be6 10. Bb3 Ne7 11. Nh2 Ng6 12. Ne2 d5 13. Bxb6 axb6 14. exd5 Bxd5 15. Bxd5 Qxd5 16. Nc3 Qc6 17. Nf3 Nd5 18. Nxd5 Qxd5 19. Qc3 c5 20. a3 Rfe8 21. Rfe1 Ra4 22. Re3 Nf4 23. Rae1 f6 24. Qb3 Qxb3 25. cxb3 Raa8 26. d4 cxd4 27. Nxd4 Red8 28. Nf3 Rd3 29. h4 Rad8 30. g3 Ne6 31. Kg2 Nc5 32. b4 Ne6 33. R1e2 Rxe3 34. Rxe3 Kf7 35. Rc3 g5 36. hxg5 hxg5 37. Rc2 Kg6 38. Re2 Rd3 39. Rxe5 Nd8 40. Re3 Rd1 41. Re1 Rd5 42. Re2 g4 43. Ne1 Nc6 44. Nc2 Ne5 45. Ne1 Rd1 46. f3 Kg5 1-0

[Event "Croatian junior league 2021"]
[Site "Rabac"]
[Date "2021.04.08"]
[Round "6.9"]
[White "Damjanovic, Stjepan"]
[Black "Begic, Domagoj"]
[Result "1/2-1/2"]
[ECO "B01"]
[WhiteElo "1890"]
[BlackElo "1706"]
[Annotator "NA"]
[PlyCount "97"]
[EventDate "2021.04.06"]
[EventType "swiss"]
[EventCountry "CRO"]
[SourceTitle "playchess.com"]
[Source "ChessBase"]
[SourceQuality "1"]
[TimeControl "5400+30"]

1. e4 d5 2. exd5 Qxd5 3. Nc3 Qa5 4. d4 c6 5. Bd3 Nf6 6. h3 g6 7. Nf3 Bg7 8. O-O O-O 9. Ne2 Nbd7 10. c3 e5 11. dxe5 Nxe5 12. Nxe5 Qxe5 13. Bf4 Qa5 14. Nd4 Nd5 15. Bg3 Qb6 16. Nb3 Be6 17. Qc2 Rad8 18. Rad1 Rfe8 19. Nd4 Nb4 20. cxb4 Bxd4 21. a3 Bf6 22. Rfe1 Bd5 23. Rxe8+ Rxe8 24. Bc4 Bxc4 25. Qxc4 Rd8 26. Rxd8+ Qxd8 27. Qe2 Qe7 28. Qd2 Kg7 29. Bf4 g5 30. Be3 a6 31. Bc5 Qe6 32. b3 h6 33. Qd3 Qd5 34. Qxd5 cxd5 35. Kf1 Bb2 36. a4 h5 37. Ke2 Kf6 38. Bf8 Kf5 39. Ke3 f6 40. Bd6 b5 41. Bc5 Ke5 42. g4 hxg4 43. hxg4 Bc3 44. f3 Bb2 45. Bb6 d4+ 46. Ke2 d3+ 47. Kxd3 Kf4 48. Ke2 Bc3 49. Bc5 1/2-1/2

[Event "Croatian junior league 2021"]
[Site "Rabac"]
[Date "2021.04.08"]
[Round "6.13"]
[White "Cotic, Borna"]
[Black "Jakrlin, Mihael"]
[Result "1/2-1/2"]
[ECO "B15"]
[WhiteElo "2120"]
[BlackElo "2106"]
[Annotator "NA"]
[PlyCount "51"]
[EventDate "2021.04.06"]
[EventType "swiss"]
[EventCountry "CRO"]
[SourceTitle "playchess.com"]
[Source "ChessBase"]
[SourceQuality "1"]
[TimeControl "5400+30"]

1. e4 c6 2. Nc3 d5 3. d4 dxe4 4. Nxe4 Nf6 5. Nxf6+ exf6 6. c3 Bd6 7. Bd3 O-O 8. Ne2 Re8 9. O-O Bg4 10. Qc2 Bxe2 11. Bxe2 f5 12. Bf3 g6 13. Bd2 Nd7 14. Rfe1 Qc7 15. h3 Re6 16. Rxe6 fxe6 17. Qb3 Kf7 18. c4 Re8 19. Bc3 h5 20. Rd1 a6 21. a4 Re7 22. a5 Re8 23. Qa2 Nf6 24. Qb3 Qe7 25. Qc2 Rd8 26. Qc1 1/2-1/2

[Event "Croatian junior league 2021"]
[Site "Rabac"]
[Date "2021.04.08"]
[Round "6.14"]
[White "Troselj, Ivan"]
[Black "Simunic, Krunoslav"]
[Result "1-0"]
[ECO "A08"]
[WhiteElo "2016"]
[BlackElo "1999"]
[Annotator "NA"]
[PlyCount "65"]
[EventDate "2021.04.06"]
[EventType "swiss"]
[EventCountry "CRO"]
[SourceTitle "playchess.com"]
[Source "ChessBase"]
[SourceQuality "1"]
[TimeControl "5400+30"]

1. e4 e6 2. d3 d5 3. Nd2 c5 4. Ngf3 Nf6 5. g3 g6 6. Bg2 Bg7 7. O-O O-O 8. Re1 Nc6 9. Qe2 Qc7 10. Nf1 b6 11. e5 Nd7 12. Bf4 Ba6 13. h4 Rac8 14. N1h2 Ndb8 15. h5 c4 16. hxg6 hxg6 17. Ng5 cxd3 18. Qg4 Bxe5 19. Qh4 f6 20. Nxe6 Qh7 21. Qxh7+ Kxh7 22. Nxf8+ Rxf8 23. cxd3 Bxb2 24. Rad1 Bc3 25. Re6 Bc8 26. Re2 d4 27. Bxb8 Nxb8 28. Re7+ Kh6 29. Rxa7 Be6 30. f4 Nd7 31. Bf3 f5 32. Kf2 Nc5 33. Ng4+ 1-0

[Event "Croatian junior league 2021"]
[Site "Rabac"]
[Date "2021.04.08"]
[Round "6.15"]
[White "Baric, Marko"]
[Black "Birkic, Josip"]
[Result "0-1"]
[ECO "B31"]
[WhiteElo "1936"]
[BlackElo "1972"]
[Annotator "NA"]
[PlyCount "142"]
[EventDate "2021.04.06"]
[EventType "swiss"]
[EventCountry "CRO"]
[SourceTitle "playchess.com"]
[Source "ChessBase"]
[SourceQuality "1"]
[TimeControl "5400+30"]

1. e4 c5 2. Nf3 Nc6 3. Bb5 g6 4. O-O Bg7 5. Re1 e5 6. c3 a6 7. Bf1 Nge7 8. d3 O-O 9. Be3 b6 10. Na3 d5 11. exd5 Nxd5 12. Nc4 Qc7 13. h3 h6 14. Qd2 Kh7 15. Qc2 Bf5 16. Bd2 Be6 17. a4 Rad8 18. Rad1 Nf4 19. Kh1 Nd5 20. Bc1 Rd7 21. g3 Rfd8 22. Bg2 b5 23. axb5 axb5 24. Ncd2 f5 25. Nf1 b4 26. N1d2 bxc3 27. bxc3 Nb6 28. Nb1 c4 29. d4 e4 30. Bf4 Qa7 31. Nh2 Bd5 32. Be3 Ra8 33. g4 Qa2 34. Re2 Rda7 35. h4 Qxc2 36. Rxc2 Ra2 37. Rxa2 Rxa2 38. Kg1 Na4 39. h5 Bf8 40. hxg6+ Kxg6 41. gxf5+ Kxf5 42. Bh3+ Kg6 43. Bd7 Rc2 44. Rc1 Rxc1+ 45. Bxc1 Nb6 46. Be8+ Kf6 47. Ng4+ Ke7 48. Bxc6 Bxc6 49. Ba3+ Ke8 50. Bxf8 Kxf8 51. Nxh6 Nd5 52. Nf5 Ba4 53. Ne3 Nf4 54. Nxc4 Bc2 55. Ncd2 Ke7 56. Kh2 Kd6 57. Kg3 Ne2+ 58. Kg4 Kd5 59. Na3 Bd3 60. Nab1 Bc2 61. Kg5 Bd3 62. Kg4 Bc2 63. Kh3 Bd3 64. Kg2 Nf4+ 65. Kh2 Ne2 66. Kh3 Nf4+ 67. Kh4 Ne2 68. Kg5 Bc2 69. Kf6 Bd3 70. Ke7 Nf4 71. Na3 Nh3 0-1

[Event "Croatian junior league 2021"]
[Site "Rabac"]
[Date "2021.04.08"]
[Round "6.16"]
[White "Zekic, Patrik"]
[Black "Denic, Marin"]
[Result "1-0"]
[ECO "E32"]
[WhiteElo "1731"]
[BlackElo "1914"]
[Annotator "NA"]
[PlyCount "65"]
[EventDate "2021.04.06"]
[EventType "swiss"]
[EventCountry "CRO"]
[SourceTitle "playchess.com"]
[Source "ChessBase"]
[SourceQuality "1"]
[TimeControl "5400+30"]

1. d4 Nf6 2. c4 e6 3. Nc3 Bb4 4. a3 Bxc3+ 5. bxc3 O-O 6. Qc2 c5 7. e3 d6 8. Bd3 Nc6 9. Ne2 b6 10. O-O Na5 11. Ng3 Ba6 12. Qe2 cxd4 13. cxd4 Rc8 14. Bd2 Nxc4 15. Bb4 Nd5 16. Ne4 Rc6 17. Nxd6 Nxd6 18. Bxa6 Nxb4 19. axb4 Qc7 20. Bd3 Rd8 21. Qd2 Rc8 22. Ba6 Rd8 23. Rfc1 b5 24. Rc5 Nc4 25. Qa2 Rxc5 26. bxc5 Rb8 27. Bxb5 Rxb5 28. Qxc4 Rb8 29. g3 Qc6 30. Qa6 Qa8 31. c6 Rc8 32. Qb7 g6 33. Rxa7 1-0

[Event "Croatian junior league 2021"]
[Site "Rabac"]
[Date "2021.04.08"]
[Round "6.17"]
[White "Cvitan, Ena"]
[Black "Bunic, Emanuel"]
[Result "1-0"]
[ECO "E47"]
[WhiteElo "2263"]
[BlackElo "1839"]
[Annotator "NA"]
[PlyCount "75"]
[EventDate "2021.04.06"]
[EventType "swiss"]
[EventCountry "CRO"]
[SourceTitle "playchess.com"]
[Source "ChessBase"]
[SourceQuality "1"]
[TimeControl "5400+30"]

1. d4 Nf6 2. c4 e6 3. Nc3 Bb4 4. e3 c5 5. Bd3 O-O 6. Nge2 d6 7. O-O Re8 8. Qc2 Nc6 9. Bd2 h6 10. a3 Ba5 11. Rad1 Qe7 12. Qc1 Bc7 13. f3 b6 14. Ne4 Bb7 15. Nxf6+ Qxf6 16. d5 exd5 17. cxd5 Ne5 18. Bb1 Ba6 19. Rfe1 Qh4 20. Bc3 Bd8 21. Ng3 g6 22. Ne4 Be7 23. b3 f5 24. Nf2 Bf8 25. Qb2 Rac8 26. f4 Ng4 27. Nxg4 Qxg4 28. Rd2 Rc7 29. Rf2 Bg7 30. Rf3 Bxc3 31. Qxc3 Kh7 32. Qf6 Rd7 33. Rg3 Qh5 34. Rxg6 Rxe3 35. Rxe3 Qd1+ 36. Kf2 Qd2+ 37. Kf3 Qxd5+ 38. Kg3 1-0

[Event "Croatian junior league 2021"]
[Site "Rabac"]
[Date "2021.04.08"]
[Round "6.18"]
[White "Zadro, Matej"]
[Black "Ghersinich, Enrico"]
[Result "0-1"]
[ECO "B40"]
[WhiteElo "1742"]
[BlackElo "2186"]
[Annotator "NA"]
[PlyCount "72"]
[EventDate "2021.04.06"]
[EventType "swiss"]
[EventCountry "CRO"]
[SourceTitle "playchess.com"]
[Source "ChessBase"]
[SourceQuality "1"]
[TimeControl "5400+30"]

1. e4 c5 2. Nf3 e6 3. d4 cxd4 4. Nxd4 Nf6 5. Nc3 Bb4 6. e5 Nd5 7. Bd2 Bxc3 8. bxc3 O-O 9. Bd3 Nc6 10. Qh5 f5 11. Nxc6 bxc6 12. O-O Qc7 13. Rfe1 c5 14. c4 Ne7 15. Rad1 Bb7 16. Re3 g6 17. Qh4 Rf7 18. Rde1 Qc6 19. Rg3 Raf8 20. Bg5 f4 21. Be4 fxg3 22. hxg3 Nf5 23. Bxc6 Nxh4 24. Bxb7 Nf5 25. Be4 Rb8 26. g4 Nd4 27. c3 Nc6 28. Be3 Nxe5 29. Bxc5 Nxc4 30. Bxa7 Rb2 31. Bd3 Rxa2 32. Bc5 Nb2 33. Be4 d5 34. Bf3 Nd3 35. Rxe6 Nxc5 36. Rc6 Ne4 0-1

[Event "Croatian junior league 2021"]
[Site "Rabac"]
[Date "2021.04.08"]
[Round "6.19"]
[White "Purini, Bruno"]
[Black "Horcicka, Jan"]
[Result "0-1"]
[ECO "C50"]
[WhiteElo "1987"]
[BlackElo "1698"]
[Annotator "NA"]
[PlyCount "42"]
[EventDate "2021.04.06"]
[EventType "swiss"]
[EventCountry "CRO"]
[SourceTitle "playchess.com"]
[Source "ChessBase"]
[SourceQuality "1"]
[TimeControl "5400+30"]

1. e4 e5 2. Nf3 Nc6 3. Bc4 Bc5 4. O-O Nf6 5. Nc3 d6 6. h3 h6 7. a3 g5 8. b4 Bb6 9. b5 Na5 10. Be2 Rg8 11. d4 g4 12. hxg4 exd4 13. Nxd4 Nxg4 14. Nf5 Bxf5 15. exf5 Qh4 16. Bxg4 Rxg4 17. Nd5 O-O-O 18. Qf3 Rdg8 19. Nf4 Nc4 20. a4 Ne5 21. Qh3 Rxf4 0-1